 Dungeon Crawl Stone Soup version 0.19.4-10-g532645f (webtiles) character file.

3909 Kosschaser the Grappler (level 10, 0/94 HPs)
             Began as a Troll Monk on Feb 24, 2017.
             Was a Believer of Nemelex Xobeh.
             Slain by a killer bee (8 damage)
             ... on level 7 of the Dungeon.
             The game lasted 00:26:47 (6227 turns).

Kosschaser the Grappler (Troll Monk)                Turns: 6227, Time: 00:26:47

Health: 0/94       AC:  5    Str: 24    XL:     10   Next: 1%
Magic:  10/10      EV: 12    Int:  6    God:    Nemelex Xobeh [**....]
Gold:   445        SH:  0    Dex: 12    Spells: 0 memorised, 9 levels left

rFire  + . .     SeeInvis .       - Unarmed
rCold  x . .     Gourm    +     s - +0 robe
rNeg   . . .     Faith    .     (no shield)
rPois  .         Spirit   .     (helmet restricted)
rElec  .         Reflect  .     (no cloak)
rCorr  .         Harm     .     (gloves unavailable)
MR     +....                    (boots unavailable)
Stlth  ++........               (no amulet)
                                v - ring of fire
                                t - ring of protection from magic

@: lethally poisoned (0 -> -2)
A: unfitting armour, claws 3, fast metabolism 3, gourmand, sense surroundings 1,
regeneration 1, shaggy fur 1, tough skin 2
a: Renounce Religion


You were on level 7 of the Dungeon.
You worshipped Nemelex Xobeh.
Nemelex Xobeh was pleased with you.
You were very hungry.

You visited 2 branches of the dungeon, and saw 8 of its levels.

You collected 445 gold pieces.

Inventory:

Armour
 s - a +0 robe (worn)
Jewellery
 t - a ring of protection from magic (left claw)
 v - a ring of fire (right claw)
Wands
 y - a wand of acid (7/15)
Scrolls
 a - 2 scrolls of amnesia
 e - a scroll of immolation {unknown}
 f - 2 scrolls of enchant armour
 g - 3 scrolls of remove curse
 h - a scroll of fear
 j - 2 scrolls of teleportation {unknown}
 l - 2 scrolls of identify
 q - a scroll of magic mapping
 u - 2 scrolls of enchant weapon
Potions
 c - 3 potions of curing
 d - a potion of berserk rage {unknown}
 m - a potion of haste
 n - 3 potions of heal wounds
 p - a potion of brilliance {unknown}
 r - a potion of might
 w - a potion of agility {unknown}
Miscellaneous
 x - a plain deck of destruction {drawn: 1}
Comestibles
 b - 3 bread rations
 i - 4 meat rations
 k - 3 fruits


   Skills:
 + Level 4.8 Fighting
 + Level 5.8 Dodging
 - Level 1.1 Stealth
 + Level 11.8 Unarmed Combat
 + Level 1.5 Invocations


You had 9 spell levels left.
You didn't know any spells.

Dungeon Overview and Level Annotations

Branches:
Dungeon (7/15)             Temple (1/1) D:5

Altars:
Ashenzari
Cheibriados
Dithmenos
Elyvilon
Fedhas
Gozag
Hepliaklqana
Kikubaaqudgha
Makhleb
Nemelex Xobeh
Okawaru
Qazlal
Ru
Sif Muna
Trog
Uskayaw
Vehumet
Xom
Yredelemnul
Zin
The Shining One


Innate Abilities, Weirdness & Mutations

You are too large for most types of armour.
You have claws for hands.
Your metabolism is lightning-fast.
You like to eat raw meat.
Your natural rate of healing is unusually fast.
You are covered in fur. (AC +1)
You have very tough skin. (AC +2)
You passively map a small area around you.


Message History

Evoke which item? (* to show all) (? for menu, Esc to quit)
Zapping:
y - a wand of acid {zapped: 2} (will waste charges)
Press: ? - help, Shift-Dir - straight line, f - killer bee
Aim: a killer bee The bolt of acid misses the killer bee.
Evoking this partially-identified wand wasted a few charges.
The killer bee stings you but does no damage.
You barely miss the killer bee.
You feel sick. The killer bee closely misses you.
You scratch the killer bee but do no damage.
Your claw misses the killer bee. The killer bee barely misses you.
The killer bee stings you.
* * * LOW HITPOINT WARNING * * *
You are more poisoned.
The killer bee poisons you!
You claw the killer bee! Your claw misses the killer bee.
The killer bee is severely wounded.
You feel sick. The killer bee stings you!
You die...
Your body glows slightly and disappears.

############ #######
###..........# #.. ..#
....########.# #.# #.###########
#.##########.####.###............
#.##..................###########
#.#.....####.#.######............
#.#..##.####.#.#### #############
.....<)).(((((.y@.#
#.#..##.####.####.###############
#.#.....# #.# #...........(....
#.#..#### #.# ###############..
#.#..# #.# #.. .....# #.#
########.. .....# #># #.........
.....#######.# #.######..
.............# #.# #.#


You could see a killer bee.

Vanquished Creatures
  The ghost of Kosschaser the Ruffian, a novice TrMo (D:5)
  The ghost of lolicon the Basher, a novice MiBe of Trog (D:6)
  Prince Ribbit (D:7)
  Menkaure (D:7)
  A water moccasin (D:6)
  An orc warrior (D:6)
  A sky beast (D:6)
  A phantom (D:4)
  5 ogres
  2 centaurs
  A big kobold (D:7)
  2 bullfrogs (D:6)
  A wyvern zombie (D:6)
  4 scorpions
  2 killer bees (D:7)
  10 wights (D:7)
  2 crimson imps
  3 orc priests
  2 hounds
  3 jellies (D:6)
  5 orc wizards
  A worker ant (D:4)
  A hound skeleton (D:5)
  A howler monkey zombie (D:6)
  6 adders
  5 gnolls (D:4)
  A river rat (D:6)
  2 oozes
  An adder skeleton (D:5)
  3 worms
  3 dart slugs
  5 leopard geckos
  23 orcs
  4 giant cockroaches
  6 goblins
  7 hobgoblins
  2 jackals (D:4)
  14 kobolds
  2 quokkas
  4 bats
  2 frilled lizards
  2 leopard gecko skeletons
  A quokka skeleton (D:5)
  14 rats
160 creatures vanquished.

Vanquished Creatures (collateral kills)
  An orc warrior (D:6)
  A bullfrog (D:6)
  A killer bee (D:7)
  2 orcs (D:6)
  A giant cockroach (D:6)
6 creatures vanquished.

Grand Total: 166 creatures vanquished

Notes
Turn   | Place    | Note
-------+----------+-------------------------------------------
     0 | D:1      | Kosschaser the Troll Monk began the quest for the Orb.
     0 | D:1      | Reached XP level 1. HP: 22/22 MP: 0/0
   246 | D:1      | Reached XP level 2. HP: 28/29 MP: 1/1
   516 | D:1      | Reached XP level 3. HP: 29/36 MP: 2/2
   765 | D:2      | Found a faded altar of an unknown god.
  1419 | D:3      | Reached XP level 4. HP: 42/44 MP: 3/3
  1432 | D:3      | Reached skill level 4 in Unarmed Combat
  1643 | D:3      | Reached XP level 5. HP: 30/53 MP: 4/4
  2019 | D:4      | Reached skill level 5 in Unarmed Combat
  2165 | D:4      | Noticed an ogre
  2173 | D:4      | Killed an ogre
  2173 | D:4      | Reached XP level 6. HP: 44/61 MP: 5/5
  2186 | D:4      | Reached skill level 6 in Unarmed Combat
  2289 | D:4      | Reached XP level 7. HP: 50/67 MP: 6/6
  2398 | D:4      | Reached skill level 7 in Unarmed Combat
  2803 | D:5      | Entered Level 5 of the Dungeon
  2957 | D:5      | Noticed Kosschaser's ghost (novice TrMo)
  3478 | D:5      | Found a staircase to the Ecumenical Temple.
  3487 | Temple   | Entered the Ecumenical Temple
  3969 | D:5      | Killed Kosschaser's ghost
  3969 | D:5      | Reached skill level 8 in Unarmed Combat
  3969 | D:5      | Reached XP level 8. HP: 35/78 MP: 7/7
  4120 | D:6      | Reached skill level 9 in Unarmed Combat
  4123 | D:6      | Found a sparkling altar of Nemelex Xobeh.
  4123 | D:6      | Found a shadowy altar of Dithmenos.
  4128 | D:6      | Found a sacrificial altar of Ru.
  4128 | D:6      | Found a basalt altar of Yredelemnul.
  4146 | D:6      | Became a worshipper of Nemelex Xobeh the Trickster
  4146 | D:6      | Received a gift from Nemelex Xobeh
  4146 | D:6      | Reached * piety under Nemelex Xobeh
  4146 | D:6      | Reached ** piety under Nemelex Xobeh
  4186 | D:6      | Received a gift from Nemelex Xobeh
  4212 | D:6      | Reached skill level 5 in Dodging
  4558 | D:6      | Reached XP level 9. HP: 80/84 MP: 8/8
  4563 | D:6      | Gained mutation: You passively map a small area around you. [mutagenic meat]
  4694 | D:6      | Reached skill level 10 in Unarmed Combat
  4763 | D:6      | Noticed lolicon's ghost (novice MiBe)
  4964 | D:6      | Killed lolicon's ghost
  5201 | D:6      | Noticed a moth of wrath
  5204 | D:6      | Found a bloodstained altar of Trog.
  5341 | D:7      | Reached skill level 1 in Invocations
  5427 | D:7      | Reached skill level 11 in Unarmed Combat
  5775 | D:7      | Noticed Prince Ribbit
  5827 | D:7      | Received a gift from Nemelex Xobeh
  5874 | D:7      | Noticed Menkaure
  5880 | D:7      | Killed Menkaure
  5968 | D:7      | Killed Prince Ribbit
  6211 | D:7      | Reached XP level 10. HP: 17/94 MP: 10/10
  6227 | D:7      | Slain by a killer bee

Skill      XL: |  1  2  3  4  5  6  7  8  9 |
---------------+----------------------------+-----
Dodging        | 3 4 5 |  5.8
Fighting       | 3 4 |  4.8
Unarmed Combat | 4 5 6 8 9 11 | 11.8
Invocations    | 1 |  1.5
Stealth        | |  1.1

Action                   |  1- 3 |  4- 6 |  7- 9 | 10-12 || total
-------------------------+-------+-------+-------+-------++-------
Melee: Unarmed           |    96 |   106 |   313 |     3 ||   518
       Punch             |       |     1 |    15 |       ||    16
Evoke: Deck              |       |       |    10 |       ||    10
       Wand              |       |       |     1 |     1 ||     2
  Use: Scroll            |       |     9 |     7 |       ||    16
 Stab: Sleeping          |     1 |       |     2 |       ||     3
  Eat: Chunk             |    12 |    11 |    24 |       ||    47
       Fruit             |       |       |     4 |       ||     4
       Royal jelly       |       |       |     1 |       ||     1
       Pizza             |       |       |     1 |       ||     1
Armor: Robe              |    21 |    25 |    42 |     1 ||    89
Dodge: Dodged            |    54 |    56 |   132 |     2 ||   244
